 Dungeon Crawl Stone Soup version 0.31-a0-431-g88bdf31460 (webtiles) character file.

Game seed: 7804780535816804680

39 sampeng1 the Ruffian (level 3, -1/26 HPs)
             Began as a Human Shapeshifter on Aug 1, 2023.
             Killed by nerve-wracking pain
             ... invoked by Jessica
              (8 damage)
             ... on level 2 of the Dungeon.
             The game lasted 00:03:44 (1495 turns).

sampeng1 the Ruffian (Human Shapeshifter)           Turns: 1495, Time: 00:03:45

Health: -1/26      AC: 11    Str: 17    XL:     3   Next: 70%
Magic:  3/3        EV:  5    Int:  8    God:
Gold:   138        SH:  0    Dex: 13    Spells: 2/2 levels left

rFire   + .          .
                       - Unarmed
rCold   . . .        (no shield)
rNeg    . . .        e - +1 plate armour
rPois   .            (helmet currently unavailable)
rElec   .            (cloak currently unavailable)
rCorr   .            (gloves currently unavailable)
SInv    .            (boots currently unavailable)
Will    .....        (no amulet) Stlth
                     h - ring of protection from fire
HPRegen 0.24/turn    (no ring)
MPRegen 0.08/turn

%: no passive effects
@: beast-form
A: beast (slay +2)
a: Begin Untransformation


You were on level 2 of the Dungeon.
You were a hulking beast.
You visited 1 branch of the dungeon, and saw 2 of its levels.

You collected 138 gold pieces.

Inventory:

Armour
 a - a +0 animal skin
 e - a +1 plate armour (worn)
Jewellery
 h - a ring of protection from fire (left hand)
Talismans
 c - a beast talisman (active)
Potions
 b - a potion of lignification
 d - 2 potions of brilliance
 f - a potion of might {unknown}
 j - a potion of berserk rage


   Skills:
 + Level 1.6 Fighting
 + Level 1.0 Armour
 + Level 2.4 Dodging
 + Level 3.3 Unarmed Combat
 + Level 3.2 Shapeshifting


You had 2 spell levels left.
You didn't know any spells.
Your spell library was empty.

Dungeon Overview and Level Annotations

Branches:
Dungeon (2/15)

Altars:

Annotations:
D:2 Jessica


Message History

Jessica casts a spell at you. You resist with some effort.
The giant cockroach bites you but does no damage.
The giant cockroach bites you but does no damage.
Jessica hits you but does no damage.
The giant cockroach bites you but does no damage.
Jessica shouts, "I don't like beings like you!"
Jessica hits you with a +0 club.
You see here a hobgoblin corpse.
You barely miss the giant cockroach. You punch the giant cockroach.
The giant cockroach is moderately wounded.
The giant cockroach bites you but does no damage.
Jessica mumbles some strange words.
Jessica blinks!
The giant cockroach bites you but does no damage.
You hit the giant cockroach.
The giant cockroach is severely wounded.
The giant cockroach bites you but does no damage.
You punch the giant cockroach!
You kill the giant cockroach!
Jessica hits you with a +0 club.
Jessica points at you and mumbles some strange words.
You resist with some effort.
You punch Jessica!
Jessica is severely wounded.
You feel yourself speed up. Jessica hits you but does no damage.
You barely miss Jessica.
Jessica is severely wounded.
Jessica hits you but does no damage.
You barely miss Jessica.
Jessica is severely wounded.
Jessica gestures at you while chanting. Pain shoots through your body!
* * * LOW HITPOINT WARNING * * *
You barely miss Jessica.
Jessica is severely wounded.
Jessica gestures at you while chanting. Pain shoots through your body!
You die...

.####..#.##.#### #.#
......##....# #.#
...........## ##.#
.|.......### ####..##
...........# #......#
....#####..###......#
....# ..........<#
....# #.##.[@...#
....# .##..h†..#
....# #.........#
##### ###.......# .#
#.......# .#
#.......# .(.
#.......# ####
#.####### #.


You could see Jessica.

Vanquished Creatures
  A worm (D:2)
  A dart slug (D:2)
  An orc (D:2)
  A bat (D:1)
  3 endoplasms
  A giant cockroach (D:2)
  5 hobgoblins
  A quokka (D:2)
  A ball python (D:2)
  2 frilled lizards
  6 goblins
  5 kobolds
  3 rats
31 creatures vanquished.

Notes
Turn   | Place    | Note
-------+----------+-------------------------------------------
     0 | D:1      | sampeng1 the Human Shapeshifter began the quest for the
                  | Orb.
     0 | D:1      | Reached XP level 1. HP: 15/15 MP: 1/1
   236 | D:1      | Reached XP level 2. HP: 14/21 MP: 2/2
   373 | D:1      | Found a faded altar of an unknown god.
  1226 | D:2      | Reached XP level 3. HP: 24/26 MP: 3/3
  1246 | D:2      | Reached skill level 1 in Armour
  1479 | D:2      | Noticed Jessica
  1495 | D:2      | Killed from afar by Jessica

Illustrated notes

Levels and vault maps discovered:
D:1:      dpeg_arrival_morbid_curiosity, layout_loops_ring,
          basic_ecumenical_altar
D:2:      layout_rooms, minmay_domino_4, uniq_jessica

Skill      XL: |  1  2  3 |
---------------+----------+-----
Armour         | 1 |  1.0
Fighting       | |  1.6
Dodging        | |  2.4
Unarmed Combat | |  3.3
Shapeshifting  | |  3.2

Action                     || total
---------------------------++-------
  Melee: Unarmed           ||    91
         Punch             ||     3
    Use: Scroll            ||     4
   Stab: Sleeping          ||     1
 Armour: Animal skin       ||     7
         Plate armour      ||    50
  Dodge: Dodged            ||    26

Table legend: (Time is in decaauts)
 A = Elapsed time spent in this place.
 B = Non-inter-level travel time spent in this place.
 C = Inter-level travel time spent in this place.
 D = Time resting spent in this place.
 E = Time spent auto-exploring this place.
 F = Levels seen in this place.
 G = Mean time per level.
                   A        B        C        D        E       F      G
               +--------+--------+--------+--------+--------+-----+--------+
         Total |   1494 |   1261 |    233 |     35 |    894 |   2 |  747.0 |
       Dungeon |   1494 |   1261 |    233 |     35 |    894 |   2 |  747.0 |
               +--------+--------+--------+--------+--------+-----+--------+

Top non-repeatable levels by time:
     D:1: 1191 daAuts
     D:2: 302 daAuts
